rolo, chaotic male elven Wizard --- --.--- ---- |....| |..| |...-- ---- --..-- ---...| -.--.|. |.... |....-- .......- --...- ---.--.| --- -.G.B..---|....-- --...--.| --<-- |...G..G|.--....-----------.......| ---- |...| -.......h....(%)......|.........| |..| --...| |.......%..---------............| -----..--|...-- ----......-| |)..............| --.......--.--- ---.--.@| ----...............--|...........| -- --B| |.............---....|-...%....--- --- |...........--- ----.--..[...).| --.........-- |...........| ---.......| ---.....--.-- |.....--- |....----- |....-- ---.-- ------ --- rolo the Conjurer Experience level: 4 Strength: 13 Dexterity: 16 Constitution: 13 Intelligence: 19 Wisdom: 10 Charisma: 7 Health: 0(35) Energy: 13(45) Def: 1 Gold: 293 Moves: 1460 Dungeon seed: J_bSDpP-yw5pysLt Game ID: rolo_1538408694 Your Inventory: Coins $ - 293 gold pieces Weapons a - a blessed +1 quarterstaff r - 12 +0 darts B - a +0 dwarvish mattock (weapon in hands) Armor e - an uncursed +0 cloak of magic resistance (being worn) Comestibles o - 2 uncursed food rations t - an uncursed tripe ration Scrolls h - 2 uncursed scrolls of light i - an uncursed scroll of remove curse j - an uncursed scroll of create monster Spellbooks k - a blessed spellbook of force bolt l - an uncursed spellbook of knock Potions f - 2 uncursed potions of water g - an uncursed potion of sleeping Rings c - an uncursed +1 ring of increase damage d - an uncursed ring of polymorph Wands b - a wand of opening (0:5) Tools m - an uncursed blindfold n - an uncursed wooden flute D - an uncursed tallow candle (0:200) Gems q - an uncursed worthless piece of yellow glass y - an uncursed worthless piece of white glass Spells and supernatural/magical abilities: Name Level Category Fail Memory a - force bolt 1 attack 0% 93% k - knock 1 matter 0% 93% W - pray for help -- divine ? -- Your skills at the end: Fighting Skills Weapon Skills quarterstaff [Basic] Spellcasting Skills attack spells [Basic] enchantment spells [Basic] Final Attributes: You were piously aligned. You were sleep resistant. You were magic-protected. You had infravision. You are dead. Vanquished creatures: a shrieker a gnome lord a floating eye 2 dwarves a gas spore a hobbit a hobgoblin 2 giant rats 4 gnomes a gnome zombie a gecko 2 kobolds 3 goblins 3 sewer rats 4 grid bugs a bat a lichen a kobold zombie 8 newts 39 creatures vanquished. Voluntary challenges: You followed a strict vegan diet. You were an atheist. You used a wielded weapon 20 times, starting on turn 2. You read items or engraved 1 time, starting on turn 35. You never genocided any monsters. You never polymorphed an object. You never changed form. You used no wishes. You never split a pudding. You never wrote Elbereth's name. You never violated your personal moral code. Dungeon overview: The Dungeons of Doom: levels 1 to 5 Level 1 a long staircase Level 2 Level 3 an altar to Thoth Level 4 a sink stairs to The Gnomish Mines Level 5 The Gnomish Mines: Level 5 <- You were here stairs to The Dungeons of Doom History has recorded: On T:1 you entered the Dungeons of Doom to retrieve the Amulet of Yendor! On T:298 you reached level 2 of The Dungeons of Doom. On T:512 you advanced to experience level 2. On T:615 you reached level 3 of The Dungeons of Doom. On T:696 you advanced to experience level 3. On T:882 you reached level 4 of The Dungeons of Doom. On T:1059 you advanced to experience level 4. On T:1206 you reached level 5 of The Dungeons of Doom. On T:1299 you reached level 1 of The Gnomish Mines. Score breakdown: Gold: 293 ( 8396 points) Experience: 4 levels ( 9649 points) Exploration: 5 levels ( 9.62%) ( 8401 points) Discoveries: 3 items ( 1.08%) ( 3122 points) Valuables value: (no points given unless you survive) Artifact value: 0 ( 0 points) Variety of kills: 19 monsters ( 4.99%) ( 6699 points) Turncount: 1460 turns ( 0 points) Survival: died (score multiplied by 80%) Total score: 29013 Latest messages: There are a few objects here. D - a candle. There are a few objects here. Please move the cursor to an unknown object. A hobbit, trapped in a pit [seen: normal vision, infravision] on a pit in the floor of a room. The spell misses the hobbit. The hobbit hits! (2x) Please move the cursor to an unknown object. A gecko on the floor of a room. You kill the gecko! You see here a gecko corpse. The bat bites! (2x) You miss the bat. The bat just misses! The bat bites! You hit the bat. The bat bites! (2x) You miss the bat. The bat bites! (5x) You die... Final status: Goodbye rolo the Wizard, killed by a bat... You died in The Gnomish Mines on dungeon level 5 with 29013 points, and 293 pieces of gold, after 1460 moves. You were level 4 with a maximum of 35 hit points when you died.